[ AOE2 MATCH · #474850698 ]
UnrankedJapanese vs Wei
[ REPLAY ANALYSIS · EXTRACTED FROM THE RECORDED GAME ]
Feudal
10:07
Castle
23:03
Imperial
37:56
| APM avg | 48.6 |
| APM peak | 87 |
| eAPM avg | 25.7 |
| Villagers / military | 139 / 156 |
Focus
⚔️ 29.3% · 🌾 70.7%
Spearman ×96 · Archer ×37 · Battering Ram ×12 · Trebuchet (Packed) ×6 · Militia ×4 · Monk ×1
Feudal
10:33
Castle
14:14
Imperial
28:06
| APM avg | 42.6 |
| APM peak | 86 |
| eAPM avg | 29.0 |
| Villagers / military | 161 / 54 |
Focus
⚔️ 40.9% · 🌾 59.1%
Unknown (1944) ×117 · Scout Cavalry ×50 · Trade Cart ×49 · Unknown (1952) ×44 · Unknown (1942) ×19 · Monk ×4
Feudal
10:56
Castle
15:12
Imperial
30:23
| APM avg | 43.2 |
| APM peak | 85 |
| eAPM avg | 24.6 |
| Villagers / military | 235 / 241 |
Focus
⚔️ 36.7% · 🌾 63.3%
Spearman ×104 · Knight ×89 · Trade Cart ×27 · Scout Cavalry ×22 · Conquistador ×18 · Bombard Cannon ×3
Feudal
9:04
Castle
23:11
Imperial
32:49
| APM avg | 36.6 |
| APM peak | 82 |
| eAPM avg | 22.9 |
| Villagers / military | 152 / 108 |
Focus
⚔️ 31.5% · 🌾 68.5%
Elephant Archer ×77 · Trade Cart ×37 · Bombard Cannon ×19 · Archer ×9 · Trebuchet (Packed) ×2 · Skirmisher ×1
Feudal
9:20
Castle
17:04
Imperial
35:20
| APM avg | 39.8 |
| APM peak | 100 |
| eAPM avg | 19.6 |
| Villagers / military | 162 / 89 |
Focus
⚔️ 30.7% · 🌾 69.3%
Mangonel ×70 · Trade Cart ×22 · Archer ×11 · Camel Scout ×4 · Mameluke ×2 · Skirmisher ×2
Feudal
8:54
Castle
23:39
Imperial
38:17
| APM avg | 29.0 |
| APM peak | 66 |
| eAPM avg | 20.3 |
| Villagers / military | 156 / 84 |
Focus
⚔️ 27.7% · 🌾 72.3%
Trade Cart ×48 · Scout Cavalry ×34 · Battle Elephant ×26 · Arambai ×14 · Militia ×6 · Mangonel ×4
Match map
Initial resources + every placement click. Lines = walls · curves = elevation contours. ◆ gold · ⬟ stone · ● berries · ✦ relic · ◌ wall gap
Your base
105er.G0ldenFir3's base· Open — 9t gap
[RAT] Havik_AoE's base· Open — unwalled flank
M4lt3's base
Mihail's base· Open — 4t gap
Ze_Legend's base
Smoothed initial terrain · ◌ = detected wall gap · hover for details
Inputs per minute
— [RAT] G0rm - - 105er.G0ldenFir3
Build order — [RAT] G0rm
First 150 of 451 actions detected
| 0:01 | Create | Villager (Male) |
| 0:01 | Create | Villager (Male) |
| 0:01 | Create | Villager (Male) |
| 0:02 | Create | Villager (Male) |
| 0:02 | Create | Villager (Male) |
| 0:03 | Build | House |
| 0:04 | Build | House |
| 1:37 | Create | Villager (Male) |
| 1:52 | Build | Lumber Camp |
| 2:02 | Create | Villager (Male) |
| 2:19 | Create | Villager (Male) |
| 2:55 | Create | Villager (Male) |
| 2:55 | Create | Villager (Male) |
| 3:20 | Create | Villager (Male) |
| 3:20 | Create | Villager (Male) |
| 3:26 | Build | House |
| 3:54 | Research | Loom |
| 3:54 | Create | Villager (Male) |
| 4:02 | Build | House |
| 4:14 | Create | Villager (Male) |
| 4:58 | Create | Villager (Male) |
| 4:58 | Create | Villager (Male) |
| 5:14 | Build | Barracks |
| 5:19 | Create | Villager (Male) |
| 5:58 | Build | Mill |
| 6:16 | Create | Villager (Male) |
| 6:31 | Create | Villager (Male) |
| 6:47 | Build | Mining Camp |
| 7:07 | Create | Villager (Male) |
| 7:32 | Create | Villager (Male) |
| 7:38 | Build | Mining Camp |
| 7:46 | Research | Feudal Age |
| 8:04 | Create | Militia |
| 8:12 | Create | Militia |
| 8:38 | Create | Militia |
| 9:10 | Create | Villager (Male) |
| 9:20 | Build | House |
| 9:45 | Build | House |
| 9:50 | Build | House |
| 9:53 | Build | Palisade Wall |
| 9:57 | Build | Palisade Wall |
| 10:07 | Age | Feudal Age |
| 10:11 | Research | Man-at-Arms (upgrade) |
| 10:18 | Build | Archery Range |
| 10:27 | Create | Villager (Male) |
| 10:43 | Create | Villager (Male) |
| 11:14 | Create | Militia |
| 11:15 | Create | Archer |
| 11:33 | Create | Villager (Male) |
| 11:36 | Create | Archer |
| 11:57 | Create | Archer |
| 12:01 | Build | Blacksmith |
| 12:04 | Build | Farm |
| 12:04 | Build | Farm |
| 12:04 | Build | Farm |
| 12:05 | Build | Farm |
| 12:05 | Build | Farm |
| 12:05 | Build | Farm |
| 12:06 | Create | Villager (Male) |
| 12:32 | Create | Archer |
| 12:47 | Build | Farm |
| 12:48 | Build | Farm |
| 12:59 | Create | Spearman |
| 13:00 | Create | Villager (Male) |
| 13:05 | Build | House |
| 13:30 | Build | Farm |
| 13:30 | Build | Farm |
| 13:46 | Build | House |
| 14:00 | Create | Villager (Male) |
| 14:02 | Create | Archer |
| 14:22 | Create | Villager (Male) |
| 14:27 | Build | Farm |
| 14:43 | Create | Archer |
| 14:46 | Research | Fletching |
| 14:46 | Research | Fletching |
| 15:09 | Create | Villager (Male) |
| 15:30 | Create | Villager (Male) |
| 15:33 | Build | Farm |
| 15:37 | Build | Farm |
| 15:37 | Build | Farm |
| 15:42 | Create | Archer |
| 16:03 | Create | Villager (Male) |
| 16:06 | Build | Farm |
| 16:08 | Build | Farm |
| 16:37 | Create | Archer |
| 16:37 | Create | Villager (Male) |
| 16:40 | Build | House |
| 16:40 | Build | House |
| 17:00 | Create | Villager (Male) |
| 17:15 | Create | Villager (Male) |
| 17:19 | Build | Farm |
| 17:42 | Create | Villager (Male) |
| 18:10 | Build | Market |
| 18:18 | Create | Villager (Male) |
| 18:19 | Create | Archer |
| 19:03 | Create | Villager (Male) |
| 19:13 | Create | Archer |
| 19:35 | Research | Castle Age |
| 19:46 | Create | Archer |
| 19:49 | Build | Archery Range |
| 20:00 | Create | Villager (Male) |
| 20:10 | Research | Double-Bit Axe |
| 20:15 | Research | Double-Bit Axe |
| 20:15 | Research | Double-Bit Axe |
| 20:20 | Research | Castle Age |
| 20:23 | Research | Castle Age |
| 20:27 | Create | Archer |
| 20:32 | Build | Lumber Camp |
| 20:48 | Create | Archer |
| 21:00 | Research | Padded Archer Armor |
| 21:04 | Create | Spearman |
| 21:19 | Create | Archer |
| 21:20 | Create | Archer |
| 21:33 | Research | Horse Collar |
| 21:33 | Research | Horse Collar |
| 21:46 | Create | Archer |
| 21:56 | Create | Villager (Male) |
| 21:57 | Create | Archer |
| 21:57 | Create | Archer |
| 22:15 | Create | Archer |
| 22:15 | Create | Archer |
| 22:25 | Create | Archer |
| 22:27 | Create | Villager (Male) |
| 22:44 | Build | Mining Camp |
| 22:57 | Create | Archer |
| 23:03 | Age | Castle Age |
| 23:14 | Research | Bodkin Arrow |
| 23:14 | Research | Bodkin Arrow |
| 23:23 | Research | Crossbowman (upgrade) |
| 23:23 | Research | Crossbowman (upgrade) |
| 23:50 | Create | Villager (Male) |
| 23:51 | Create | Archer |
| 23:51 | Create | Archer |
| 23:55 | Build | House |
| 23:56 | Build | House |
| 24:00 | Create | Archer |
| 24:12 | Research | Loom |
| 24:33 | Create | Archer |
| 24:34 | Create | Villager (Male) |
| 24:46 | Create | Villager (Male) |
| 24:57 | Create | Archer |
| 24:57 | Create | Archer |
| 25:05 | Create | Archer |
| 25:17 | Create | Villager (Male) |
| 25:22 | Build | Farm |
| 25:22 | Build | Farm |
| 25:53 | Create | Villager (Male) |
| 26:03 | Create | Villager (Male) |
| 26:09 | Build | Town Center |
| 26:26 | Create | Archer |
Build order — 105er.G0ldenFir3
First 150 of 504 actions detected
| 0:00 | Create | Villager (Male) |
| 0:00 | Create | Villager (Male) |
| 0:01 | Create | Villager (Male) |
| 0:02 | Build | House |
| 0:02 | Build | House |
| 0:04 | Create | Villager (Male) |
| 1:33 | Create | Villager (Male) |
| 1:44 | Build | Lumber Camp |
| 2:00 | Create | Villager (Male) |
| 2:27 | Create | Villager (Male) |
| 2:51 | Create | Villager (Male) |
| 3:16 | Create | Villager (Male) |
| 3:35 | Create | Villager (Male) |
| 3:48 | Build | House |
| 4:07 | Build | Mill |
| 4:08 | Create | Villager (Male) |
| 4:23 | Create | Villager (Male) |
| 4:37 | Create | Villager (Male) |
| 5:23 | Create | Villager (Male) |
| 5:23 | Create | Villager (Male) |
| 5:23 | Create | Villager (Male) |
| 5:48 | Create | Villager (Male) |
| 6:16 | Create | Villager (Male) |
| 6:19 | Build | House |
| 6:41 | Create | Villager (Male) |
| 7:13 | Create | Villager (Male) |
| 7:35 | Create | Villager (Male) |
| 8:08 | Build | Mining Camp |
| 8:16 | Research | Feudal Age |
| 9:01 | Build | House |
| 10:23 | Create | Villager (Male) |
| 10:23 | Create | Villager (Male) |
| 10:33 | Age | Feudal Age |
| 10:36 | Build | Market |
| 10:37 | Build | Blacksmith |
| 10:40 | Build | Farm |
| 10:41 | Build | Farm |
| 10:56 | Build | Farm |
| 11:11 | Build | Farm |
| 11:14 | Build | Farm |
| 11:34 | Research | Castle Age |
| 11:35 | Research | Castle Age |
| 11:58 | Build | Farm |
| 12:00 | Build | Farm |
| 12:09 | Build | Farm |
| 12:16 | Research | Double-Bit Axe |
| 12:43 | Research | Horse Collar |
| 12:59 | Create | Villager (Male) |
| 13:19 | Build | House |
| 13:19 | Build | House |
| 13:26 | Research | Gold Mining |
| 13:27 | Research | Gold Mining |
| 14:14 | Age | Castle Age |
| 14:18 | Research | Bow Saw |
| 14:36 | Create | Villager (Male) |
| 15:01 | Create | Villager (Male) |
| 15:04 | Build | Town Center |
| 15:10 | Create | Villager (Male) |
| 15:17 | Research | Wheelbarrow |
| 15:17 | Research | Wheelbarrow |
| 15:29 | Create | Villager (Male) |
| 15:51 | Build | Town Center |
| 16:20 | Create | Villager (Male) |
| 16:21 | Build | Farm |
| 16:21 | Build | Farm |
| 16:22 | Build | Farm |
| 16:22 | Build | Farm |
| 16:22 | Build | Farm |
| 16:22 | Build | Farm |
| 16:31 | Create | Villager (Male) |
| 16:36 | Build | Farm |
| 16:39 | Build | Farm |
| 16:46 | Create | Villager (Male) |
| 16:57 | Build | Farm |
| 17:04 | Create | Villager (Male) |
| 17:05 | Create | Villager (Male) |
| 17:12 | Create | Villager (Male) |
| 17:15 | Build | Farm |
| 17:17 | Build | Farm |
| 17:24 | Build | Farm |
| 17:28 | Build | Farm |
| 17:30 | Build | Farm |
| 17:31 | Create | Villager (Male) |
| 17:32 | Create | Villager (Male) |
| 17:33 | Create | Villager (Male) |
| 17:42 | Create | Villager (Male) |
| 17:43 | Create | Villager (Male) |
| 17:44 | Build | Farm |
| 17:48 | Build | Farm |
| 17:52 | Research | Heavy Plow |
| 17:58 | Create | Villager (Male) |
| 17:59 | Create | Villager (Male) |
| 18:05 | Create | Villager (Male) |
| 18:09 | Build | Farm |
| 18:13 | Build | Farm |
| 18:22 | Build | Farm |
| 18:27 | Build | Farm |
| 18:29 | Create | Villager (Male) |
| 18:32 | Create | Villager (Male) |
| 18:33 | Create | Villager (Male) |
| 18:40 | Build | House |
| 18:41 | Build | House |
| 18:41 | Build | House |
| 18:46 | Create | Villager (Male) |
| 18:47 | Create | Villager (Male) |
| 19:01 | Create | Villager (Male) |
| 19:01 | Create | Villager (Male) |
| 19:12 | Build | Town Center |
| 19:13 | Create | Villager (Male) |
| 19:17 | Create | Villager (Male) |
| 19:17 | Create | Villager (Male) |
| 19:18 | Create | Villager (Male) |
| 19:27 | Create | Villager (Male) |
| 19:40 | Research | Stone Mining |
| 19:45 | Build | Farm |
| 19:50 | Create | Villager (Male) |
| 19:50 | Create | Villager (Male) |
| 20:14 | Create | Villager (Male) |
| 20:14 | Create | Villager (Male) |
| 20:15 | Create | Villager (Male) |
| 20:22 | Build | Farm |
| 20:26 | Build | Lumber Camp |
| 20:31 | Research | Hand Cart |
| 20:35 | Create | Villager (Male) |
| 20:36 | Build | Farm |
| 20:36 | Build | Farm |
| 20:37 | Build | Farm |
| 20:37 | Build | Farm |
| 20:37 | Build | Farm |
| 20:37 | Build | Farm |
| 20:38 | Build | Farm |
| 20:38 | Build | Farm |
| 20:45 | Build | Farm |
| 20:51 | Create | Villager (Male) |
| 20:52 | Create | Villager (Male) |
| 20:54 | Build | Farm |
| 20:58 | Build | Farm |
| 21:02 | Create | Villager (Male) |
| 21:03 | Create | Villager (Male) |
| 21:03 | Create | Villager (Male) |
| 21:11 | Build | Farm |
| 21:13 | Create | Villager (Male) |
| 21:19 | Build | House |
| 21:22 | Build | House |
| 21:22 | Build | House |
| 21:25 | Create | Villager (Male) |
| 21:29 | Create | Villager (Male) |
| 21:43 | Create | Villager (Male) |
| 21:47 | Create | Villager (Male) |
| 21:49 | Research | Gold Shaft Mining |
Build order — [RAT] Havik_AoE
First 150 of 629 actions detected
| 0:00 | Create | Villager (Male) |
| 0:02 | Build | House |
| 0:02 | Create | Villager (Male) |
| 0:03 | Build | House |
| 0:04 | Create | Villager (Male) |
| 0:06 | Create | Villager (Male) |
| 1:20 | Create | Villager (Male) |
| 1:56 | Create | Villager (Male) |
| 2:14 | Create | Villager (Male) |
| 2:17 | Build | Lumber Camp |
| 2:25 | Create | Villager (Male) |
| 2:44 | Create | Villager (Male) |
| 3:08 | Build | House |
| 3:09 | Build | House |
| 3:15 | Create | Villager (Male) |
| 3:22 | Create | Villager (Male) |
| 3:43 | Create | Villager (Male) |
| 4:11 | Create | Villager (Male) |
| 4:11 | Create | Villager (Male) |
| 4:50 | Create | Villager (Male) |
| 4:51 | Create | Villager (Male) |
| 5:03 | Build | Mill |
| 5:16 | Create | Villager (Male) |
| 6:46 | Create | Villager (Male) |
| 7:14 | Create | Villager (Male) |
| 7:32 | Create | Villager (Male) |
| 7:40 | Build | Mining Camp |
| 7:53 | Build | Mining Camp |
| 8:01 | Research | Feudal Age |
| 8:13 | Create | Villager (Male) |
| 8:14 | Research | Feudal Age |
| 8:20 | Build | Farm |
| 8:22 | Build | Farm |
| 8:46 | Build | House |
| 9:22 | Build | Farm |
| 10:56 | Age | Feudal Age |
| 10:57 | Create | Villager (Male) |
| 11:02 | Build | Market |
| 11:04 | Build | Blacksmith |
| 11:15 | Create | Villager (Male) |
| 11:39 | Create | Villager (Male) |
| 11:52 | Build | House |
| 11:57 | Research | Loom |
| 12:32 | Research | Castle Age |
| 12:45 | Create | Villager (Male) |
| 12:55 | Build | House |
| 13:19 | Build | Farm |
| 13:22 | Build | Farm |
| 13:24 | Build | Farm |
| 13:25 | Research | Horse Collar |
| 13:33 | Research | Double-Bit Axe |
| 15:00 | Create | Villager (Male) |
| 15:12 | Age | Castle Age |
| 15:25 | Build | Castle |
| 15:27 | Create | Villager (Male) |
| 15:40 | Build | Town Center |
| 15:42 | Create | Villager (Male) |
| 15:49 | Research | Bow Saw |
| 16:17 | Create | Villager (Male) |
| 16:26 | Build | House |
| 16:28 | Create | Villager (Male) |
| 16:53 | Create | Villager (Male) |
| 17:05 | Build | Lumber Camp |
| 17:11 | Create | Villager (Male) |
| 17:17 | Build | Farm |
| 17:18 | Create | Conquistador |
| 17:39 | Build | Farm |
| 17:40 | Create | Villager (Male) |
| 17:46 | Create | Conquistador |
| 18:01 | Build | Farm |
| 18:19 | Create | Conquistador |
| 18:23 | Build | Farm |
| 18:26 | Build | Farm |
| 18:41 | Build | Farm |
| 18:44 | Build | Farm |
| 18:45 | Build | Farm |
| 18:51 | Create | Villager (Male) |
| 19:07 | Build | Farm |
| 19:07 | Create | Villager (Male) |
| 19:09 | Build | Farm |
| 19:18 | Create | Conquistador |
| 19:25 | Build | Farm |
| 19:40 | Build | Farm |
| 19:47 | Create | Conquistador |
| 19:53 | Create | Villager (Male) |
| 20:10 | Create | Villager (Male) |
| 20:19 | Create | Villager (Male) |
| 20:22 | Build | Town Center |
| 20:23 | Create | Villager (Male) |
| 20:42 | Create | Villager (Male) |
| 20:48 | Create | Petard |
| 20:49 | Create | Petard |
| 20:58 | Create | Villager (Male) |
| 21:00 | Build | Farm |
| 21:03 | Build | Farm |
| 21:13 | Create | Villager (Male) |
| 21:16 | Create | Villager (Male) |
| 21:27 | Build | Farm |
| 21:27 | Create | Villager (Male) |
| 21:30 | Build | Farm |
| 21:31 | Build | Farm |
| 21:39 | Create | Villager (Male) |
| 21:48 | Create | Villager (Male) |
| 21:54 | Create | Villager (Male) |
| 21:58 | Research | Heavy Plow |
| 22:27 | Create | Villager (Male) |
| 22:29 | Build | Farm |
| 22:29 | Create | Villager (Male) |
| 22:39 | Create | Villager (Male) |
| 22:48 | Create | Villager (Male) |
| 22:58 | Create | Villager (Male) |
| 23:01 | Create | Villager (Male) |
| 23:02 | Create | Villager (Male) |
| 23:08 | Build | Town Center |
| 23:08 | Create | Villager (Male) |
| 23:10 | Create | Villager (Male) |
| 23:15 | Build | Farm |
| 23:16 | Build | Farm |
| 23:17 | Create | Villager (Male) |
| 23:23 | Research | Wheelbarrow |
| 23:24 | Create | Villager (Male) |
| 23:32 | Create | Conquistador |
| 23:37 | Build | Farm |
| 23:40 | Build | House |
| 23:41 | Build | House |
| 23:41 | Build | House |
| 23:43 | Build | House |
| 23:45 | Build | House |
| 23:46 | Build | House |
| 23:49 | Create | Villager (Male) |
| 23:50 | Create | Villager (Male) |
| 23:51 | Create | Villager (Male) |
| 23:56 | Create | Villager (Male) |
| 23:56 | Create | Villager (Male) |
| 24:04 | Create | Villager (Male) |
| 24:07 | Build | Farm |
| 24:08 | Build | Farm |
| 24:09 | Create | Villager (Male) |
| 24:16 | Create | Villager (Male) |
| 24:36 | Create | Villager (Male) |
| 24:43 | Create | Villager (Male) |
| 24:44 | Create | Villager (Male) |
| 24:46 | Build | Farm |
| 24:46 | Build | Farm |
| 24:47 | Create | Villager (Male) |
| 24:49 | Build | Farm |
| 24:49 | Create | Villager (Male) |
| 25:11 | Create | Villager (Male) |
| 25:12 | Create | Villager (Male) |
| 25:20 | Create | Villager (Male) |
Build order — M4lt3
First 150 of 473 actions detected
| 0:00 | Create | Villager (Male) |
| 0:01 | Create | Villager (Male) |
| 0:01 | Create | Villager (Male) |
| 0:01 | Create | Villager (Male) |
| 0:03 | Build | House |
| 0:04 | Build | House |
| 1:29 | Create | Villager (Male) |
| 1:51 | Build | Lumber Camp |
| 2:00 | Create | Villager (Male) |
| 2:22 | Create | Villager (Male) |
| 2:22 | Create | Villager (Male) |
| 2:50 | Create | Villager (Male) |
| 2:55 | Create | Villager (Male) |
| 2:55 | Create | Villager (Male) |
| 3:39 | Create | Villager (Male) |
| 3:50 | Build | House |
| 4:07 | Create | Villager (Male) |
| 4:07 | Create | Villager (Male) |
| 4:20 | Build | House |
| 5:14 | Create | Villager (Male) |
| 5:14 | Create | Villager (Male) |
| 5:14 | Create | Villager (Male) |
| 5:43 | Build | Mining Camp |
| 5:54 | Create | Villager (Male) |
| 6:48 | Research | Feudal Age |
| 8:00 | Create | Villager (Male) |
| 8:04 | Build | Barracks |
| 8:24 | Create | Villager (Male) |
| 9:04 | Age | Feudal Age |
| 9:05 | Build | Archery Range |
| 9:07 | Research | Double-Bit Axe |
| 9:14 | Build | Mill |
| 9:27 | Build | Watch Tower |
| 9:31 | Create | Villager (Male) |
| 9:43 | Create | Archer |
| 9:43 | Create | Archer |
| 10:04 | Create | Villager (Male) |
| 10:30 | Create | Archer |
| 10:30 | Create | Archer |
| 10:31 | Create | Villager (Male) |
| 10:31 | Create | Villager (Male) |
| 10:42 | Build | Mining Camp |
| 10:50 | Research | Loom |
| 10:56 | Build | House |
| 11:08 | Create | Villager (Male) |
| 11:09 | Create | Villager (Male) |
| 11:41 | Research | Horse Collar |
| 11:43 | Create | Villager (Male) |
| 12:04 | Create | Archer |
| 12:12 | Create | Villager (Male) |
| 12:16 | Build | House |
| 12:25 | Build | Outpost |
| 12:26 | Research | Town Watch |
| 12:47 | Build | Watch Tower |
| 12:48 | Create | Villager (Male) |
| 12:49 | Create | Villager (Male) |
| 13:02 | Build | Blacksmith |
| 13:05 | Create | Villager (Male) |
| 13:51 | Build | House |
| 13:51 | Create | Archer |
| 13:52 | Create | Villager (Male) |
| 13:52 | Create | Villager (Male) |
| 13:55 | Build | Farm |
| 13:55 | Build | Farm |
| 14:07 | Build | House |
| 14:16 | Build | Farm |
| 14:21 | Create | Archer |
| 14:21 | Create | Archer |
| 14:44 | Build | Watch Tower |
| 14:44 | Create | Villager (Male) |
| 14:51 | Build | Farm |
| 15:09 | Research | Fletching |
| 15:10 | Research | Fletching |
| 15:28 | Create | Villager (Male) |
| 15:31 | Build | Farm |
| 15:32 | Build | Farm |
| 15:47 | Create | Villager (Male) |
| 15:59 | Create | Archer |
| 16:01 | Build | Farm |
| 16:06 | Build | Farm |
| 16:06 | Build | Farm |
| 16:08 | Create | Villager (Male) |
| 16:26 | Create | Villager (Male) |
| 16:53 | Build | Stone Wall |
| 16:55 | Build | Stone Wall |
| 16:59 | Create | Villager (Male) |
| 17:00 | Create | Villager (Male) |
| 17:02 | Build | Farm |
| 17:04 | Build | Farm |
| 17:23 | Build | Stone Wall |
| 17:25 | Create | Villager (Male) |
| 17:28 | Build | Farm |
| 17:53 | Build | Stone Wall |
| 17:58 | Build | House |
| 18:00 | Research | Wheelbarrow |
| 18:16 | Build | Stone Wall |
| 18:21 | Build | Stone Wall |
| 18:24 | Build | Stone Wall |
| 18:26 | Build | Stone Wall |
| 18:30 | Create | Villager (Male) |
| 18:30 | Create | Villager (Male) |
| 18:33 | Build | House |
| 18:37 | Build | House |
| 18:58 | Build | Market |
| 19:00 | Build | Farm |
| 19:34 | Build | Farm |
| 19:43 | Build | Lumber Camp |
| 20:04 | Create | Villager (Male) |
| 20:08 | Build | Farm |
| 20:31 | Research | Castle Age |
| 20:56 | Build | House |
| 20:57 | Build | House |
| 20:58 | Build | House |
| 22:10 | Create | Villager (Male) |
| 23:11 | Age | Castle Age |
| 23:14 | Build | Town Center |
| 23:17 | Build | Town Center |
| 23:20 | Build | Town Center |
| 23:22 | Research | Bow Saw |
| 23:22 | Research | Heavy Plow |
| 23:23 | Create | Villager (Male) |
| 23:39 | Build | Lumber Camp |
| 23:45 | Build | Farm |
| 23:56 | Build | House |
| 23:57 | Build | House |
| 23:58 | Build | House |
| 24:01 | Build | House |
| 24:08 | Create | Villager (Male) |
| 24:09 | Create | Villager (Male) |
| 24:09 | Create | Villager (Male) |
| 24:09 | Create | Villager (Male) |
| 24:10 | Create | Villager (Male) |
| 24:23 | Build | House |
| 24:25 | Build | House |
| 24:25 | Build | House |
| 24:26 | Build | House |
| 24:28 | Create | Villager (Male) |
| 24:32 | Create | Villager (Male) |
| 24:32 | Create | Villager (Male) |
| 24:42 | Create | Villager (Male) |
| 24:43 | Create | Villager (Male) |
| 24:44 | Create | Villager (Male) |
| 24:47 | Create | Villager (Male) |
| 24:48 | Create | Villager (Male) |
| 24:50 | Build | Farm |
| 24:50 | Build | Farm |
| 24:53 | Create | Villager (Male) |
| 24:54 | Create | Villager (Male) |
| 24:54 | Create | Villager (Male) |
| 24:54 | Create | Villager (Male) |
Build order — Mihail
First 150 of 490 actions detected
| 0:01 | Create | Villager (Male) |
| 0:01 | Create | Villager (Male) |
| 0:02 | Create | Villager (Male) |
| 0:03 | Build | House |
| 0:04 | Build | House |
| 0:19 | Create | Villager (Male) |
| 0:19 | Create | Villager (Male) |
| 1:35 | Create | Villager (Male) |
| 1:36 | Create | Villager (Male) |
| 1:52 | Create | Villager (Male) |
| 1:52 | Create | Villager (Male) |
| 2:28 | Create | Villager (Male) |
| 3:00 | Build | Lumber Camp |
| 3:08 | Build | Lumber Camp |
| 3:11 | Create | Villager (Male) |
| 3:11 | Create | Villager (Male) |
| 4:00 | Create | Villager (Male) |
| 4:01 | Create | Villager (Male) |
| 4:01 | Create | Villager (Male) |
| 4:11 | Build | House |
| 4:12 | Build | House |
| 5:00 | Create | Villager (Male) |
| 5:20 | Create | Villager (Male) |
| 5:59 | Build | Mining Camp |
| 6:20 | Create | Villager (Male) |
| 6:22 | Create | Villager (Male) |
| 7:00 | Research | Feudal Age |
| 7:55 | Build | Barracks |
| 8:19 | Build | House |
| 8:50 | Create | Villager (Male) |
| 9:20 | Age | Feudal Age |
| 9:22 | Build | Archery Range |
| 9:33 | Create | Villager (Male) |
| 9:43 | Build | House |
| 9:57 | Research | Loom |
| 10:01 | Build | Mill |
| 10:08 | Build | House |
| 10:18 | Build | House |
| 10:28 | Create | Villager (Male) |
| 10:46 | Build | Palisade Wall |
| 11:00 | Create | Skirmisher |
| 11:03 | Create | Skirmisher |
| 11:14 | Create | Villager (Male) |
| 11:39 | Create | Villager (Male) |
| 11:51 | Build | House |
| 12:05 | Create | Villager (Male) |
| 12:38 | Create | Villager (Male) |
| 12:51 | Build | Market |
| 13:03 | Build | Watch Tower |
| 13:27 | Create | Villager (Male) |
| 13:59 | Create | Villager (Male) |
| 14:14 | Research | Castle Age |
| 15:00 | Build | Watch Tower |
| 15:34 | Build | Farm |
| 15:35 | Build | Farm |
| 15:36 | Build | Farm |
| 15:37 | Build | Farm |
| 15:46 | Build | House |
| 15:52 | Create | Villager (Male) |
| 15:56 | Research | Double-Bit Axe |
| 16:24 | Build | Farm |
| 16:25 | Build | Farm |
| 16:27 | Create | Villager (Male) |
| 16:57 | Research | Horse Collar |
| 17:04 | Age | Castle Age |
| 17:15 | Build | Town Center |
| 17:20 | Create | Villager (Male) |
| 17:26 | Create | Archer |
| 17:28 | Create | Archer |
| 17:29 | Create | Archer |
| 17:58 | Create | Villager (Male) |
| 18:25 | Create | Villager (Male) |
| 18:25 | Create | Villager (Male) |
| 18:27 | Create | Villager (Male) |
| 18:37 | Build | Blacksmith |
| 18:41 | Create | Archer |
| 18:47 | Create | Villager (Male) |
| 19:09 | Create | Archer |
| 19:14 | Create | Villager (Male) |
| 19:14 | Create | Villager (Male) |
| 19:14 | Create | Villager (Male) |
| 19:14 | Create | Villager (Male) |
| 19:37 | Build | Siege Workshop |
| 19:38 | Create | Villager (Male) |
| 19:39 | Create | Villager (Male) |
| 19:45 | Create | Archer |
| 19:47 | Create | Archer |
| 19:49 | Build | House |
| 19:51 | Build | House |
| 19:52 | Build | House |
| 20:07 | Research | Town Watch |
| 20:20 | Create | Villager (Male) |
| 20:20 | Create | Villager (Male) |
| 20:30 | Create | Mangonel |
| 20:36 | Build | Farm |
| 20:39 | Build | Farm |
| 20:42 | Build | Farm |
| 20:43 | Create | Villager (Male) |
| 20:57 | Create | Archer |
| 20:58 | Create | Villager (Male) |
| 21:14 | Build | House |
| 21:16 | Build | House |
| 21:18 | Create | Villager (Male) |
| 21:35 | Build | Farm |
| 21:36 | Build | Farm |
| 21:38 | Build | Farm |
| 21:40 | Create | Villager (Male) |
| 21:52 | Create | Archer |
| 21:53 | Create | Villager (Male) |
| 21:53 | Create | Villager (Male) |
| 22:01 | Create | Mangonel |
| 22:04 | Create | Villager (Male) |
| 22:10 | Build | Farm |
| 22:11 | Build | Farm |
| 22:16 | Build | Farm |
| 22:17 | Create | Villager (Male) |
| 22:36 | Create | Villager (Male) |
| 22:36 | Create | Villager (Male) |
| 22:48 | Research | Fletching |
| 22:59 | Create | Villager (Male) |
| 23:06 | Build | House |
| 23:07 | Build | House |
| 23:13 | Create | Villager (Male) |
| 23:13 | Create | Villager (Male) |
| 23:45 | Build | Town Center |
| 23:51 | Create | Villager (Male) |
| 23:51 | Create | Villager (Male) |
| 23:53 | Research | Crossbowman (upgrade) |
| 23:59 | Create | Villager (Male) |
| 23:59 | Create | Villager (Male) |
| 24:15 | Create | Villager (Male) |
| 24:16 | Create | Villager (Male) |
| 24:21 | Create | Villager (Male) |
| 24:27 | Build | Farm |
| 24:31 | Build | Farm |
| 24:51 | Build | Town Center |
| 24:53 | Create | Villager (Male) |
| 24:53 | Create | Villager (Male) |
| 24:57 | Create | Archer |
| 24:57 | Create | Archer |
| 24:58 | Create | Villager (Male) |
| 25:09 | Research | Bodkin Arrow |
| 25:24 | Create | Villager (Male) |
| 25:30 | Build | House |
| 25:32 | Build | House |
| 25:33 | Build | House |
| 25:53 | Create | Villager (Male) |
| 25:53 | Create | Villager (Male) |
| 25:56 | Create | Villager (Male) |
| 25:56 | Create | Villager (Male) |
Build order — Ze_Legend
First 150 of 519 actions detected
| 0:00 | Create | Villager (Male) |
| 0:02 | Build | House |
| 0:07 | Create | Villager (Male) ×3 |
| 1:32 | Build | House |
| 1:35 | Create | Villager (Male) |
| 1:50 | Create | Villager (Male) |
| 2:13 | Create | Villager (Male) |
| 2:13 | Create | Villager (Male) |
| 2:28 | Build | Lumber Camp |
| 2:41 | Create | Villager (Male) |
| 3:00 | Create | Villager (Male) |
| 3:00 | Create | Villager (Male) |
| 3:22 | Create | Villager (Male) |
| 3:25 | Build | House |
| 4:02 | Create | Villager (Male) |
| 4:03 | Create | Villager (Male) |
| 4:21 | Create | Villager (Male) |
| 4:42 | Create | Villager (Male) |
| 5:03 | Build | Barracks |
| 5:11 | Create | Villager (Male) |
| 6:16 | Research | Loom |
| 6:44 | Research | Feudal Age |
| 6:48 | Build | House |
| 7:03 | Create | Militia |
| 7:10 | Build | Mining Camp |
| 7:32 | Create | Militia |
| 7:38 | Create | Militia |
| 8:06 | Create | Militia |
| 8:16 | Build | House |
| 8:54 | Age | Feudal Age |
| 8:58 | Build | Mill |
| 8:58 | Create | Villager (Male) |
| 9:01 | Research | Man-at-Arms (upgrade) |
| 9:15 | Create | Villager (Male) |
| 9:28 | Create | Villager (Male) |
| 9:52 | Create | Militia |
| 9:53 | Create | Militia |
| 10:20 | Build | Farm |
| 10:21 | Create | Villager (Male) |
| 10:24 | Build | House |
| 10:29 | Build | Farm |
| 10:30 | Build | Farm |
| 10:31 | Build | Farm |
| 10:34 | Build | Farm |
| 10:36 | Create | Villager (Male) |
| 10:52 | Build | Farm |
| 11:03 | Create | Villager (Male) |
| 11:04 | Create | Villager (Male) |
| 11:06 | Build | Farm |
| 11:36 | Create | Villager (Male) |
| 11:51 | Create | Villager (Male) |
| 11:54 | Build | Farm |
| 11:55 | Build | Farm |
| 12:07 | Create | Villager (Male) |
| 12:53 | Create | Villager (Male) |
| 13:00 | Create | Villager (Male) |
| 13:02 | Build | Farm |
| 13:03 | Create | Villager (Male) |
| 13:06 | Build | Market |
| 13:08 | Create | Villager (Male) |
| 13:15 | Create | Villager (Male) |
| 13:20 | Research | Horse Collar |
| 13:26 | Build | Stone Wall |
| 14:02 | Build | Building 490 |
| 14:07 | Build | Stone Wall |
| 14:10 | Create | Villager (Male) |
| 14:13 | Create | Villager (Male) |
| 14:55 | Build | Stone Wall |
| 14:57 | Build | Stone Wall |
| 15:01 | Create | Villager (Male) |
| 15:11 | Create | Villager (Male) |
| 15:19 | Build | Farm |
| 15:20 | Build | Farm |
| 15:26 | Build | Stable |
| 15:46 | Build | Blacksmith |
| 15:50 | Research | Gold Mining |
| 16:09 | Build | Stable |
| 16:13 | Create | Villager (Male) |
| 16:18 | Build | House |
| 16:23 | Create | Scout Cavalry |
| 16:23 | Create | Scout Cavalry |
| 16:26 | Build | House |
| 16:27 | Build | House |
| 16:43 | Build | Stone Wall |
| 16:45 | Build | Stone Wall |
| 16:52 | Research | Scale Barding Armor |
| 16:53 | Create | Villager (Male) |
| 17:05 | Create | Scout Cavalry |
| 17:05 | Create | Scout Cavalry |
| 17:17 | Build | House |
| 17:20 | Build | House |
| 17:22 | Build | House |
| 17:31 | Create | Scout Cavalry |
| 17:47 | Create | Villager (Male) |
| 17:56 | Create | Scout Cavalry |
| 18:02 | Build | House |
| 18:05 | Build | Palisade Wall |
| 18:05 | Build | Palisade Wall |
| 18:08 | Build | House |
| 18:13 | Build | Farm |
| 18:40 | Create | Villager (Male) |
| 18:40 | Create | Villager (Male) |
| 18:45 | Build | Stone Wall |
| 18:50 | Build | Lumber Camp |
| 18:53 | Build | Lumber Camp |
| 19:07 | Create | Villager (Male) |
| 19:27 | Create | Villager (Male) |
| 19:43 | Build | Market |
| 19:45 | Create | Villager (Male) |
| 19:47 | Build | House |
| 19:47 | Build | House |
| 20:00 | Build | Stone Wall |
| 20:13 | Create | Villager (Male) |
| 20:59 | Research | Castle Age |
| 20:59 | Research | Castle Age |
| 21:06 | Build | Stone Wall |
| 21:21 | Build | Stone Wall |
| 21:28 | Build | Mining Camp |
| 22:00 | Research | Wheelbarrow |
| 22:18 | Build | Farm |
| 22:25 | Build | Stone Wall |
| 22:31 | Research | Stone Mining |
| 22:38 | Build | Stone Wall |
| 22:43 | Build | Building 490 |
| 22:47 | Create | Villager (Male) |
| 22:52 | Build | Stone Wall |
| 23:01 | Build | Stone Wall |
| 23:05 | Build | Stone Wall |
| 23:09 | Build | Stone Wall |
| 23:39 | Age | Castle Age |
| 23:45 | Build | University |
| 23:48 | Create | Villager (Male) |
| 24:02 | Build | House |
| 24:02 | Build | House |
| 24:07 | Build | Town Center |
| 24:17 | Build | Town Center |
| 24:37 | Research | Fortified Wall (upgrade) |
| 24:43 | Build | Stone Wall |
| 24:53 | Build | Stone Wall |
| 24:56 | Build | Stone Wall |
| 25:07 | Build | Farm |
| 25:10 | Build | Farm |
| 25:12 | Create | Villager (Male) |
| 25:17 | Create | Villager (Male) |
| 25:19 | Create | Villager (Male) |
| 25:32 | Create | Villager (Male) |
| 25:54 | Create | Villager (Male) |
| 25:55 | Create | Villager (Male) |
| 25:55 | Create | Villager (Male) |
| 26:04 | Build | Town Center |
Match timeline
| 5:03 | Ze_Legend · first_building Barracks |
| 5:14 | [RAT] G0rm · first_building Barracks |
| 7:55 | Mihail · first_building Barracks |
| 8:04 | M4lt3 · first_building Barracks |
| 8:54 | Ze_Legend · age_up feudal |
| 9:04 | M4lt3 · age_up feudal |
| 9:05 | M4lt3 · first_building Archery Range |
| 9:20 | Mihail · age_up feudal |
| 9:22 | Mihail · first_building Archery Range |
| 9:53 | [RAT] G0rm · wall_segment Palisade Wall x1 |
| 9:57 | [RAT] G0rm · wall_segment Palisade Wall x1 |
| 10:07 | [RAT] G0rm · age_up feudal |
| 10:18 | [RAT] G0rm · first_building Archery Range |
| 10:33 | 105er.G0ldenFir3 · age_up feudal |
| 10:46 | Mihail · wall_segment Palisade Wall x11 |
| 10:56 | [RAT] Havik_AoE · age_up feudal |
| 13:26 | Ze_Legend · wall_segment Stone Wall x19 |
| 14:03 | Mihail · first_market_sell 100 wood |
| 14:06 | Mihail · first_market_buy 100 food |
| 14:07 | Ze_Legend · wall_segment Stone Wall x5 |
| 14:14 | 105er.G0ldenFir3 · age_up castle |
| 14:55 | Ze_Legend · wall_segment Stone Wall x1 |
| 14:57 | Ze_Legend · wall_segment Stone Wall x1 |
| 15:12 | [RAT] Havik_AoE · age_up castle |
| 15:12 | [RAT] Havik_AoE · first_market_buy 100 stone |
| 15:25 | [RAT] Havik_AoE · first_building Castle |
| 15:26 | Ze_Legend · first_building Stable |
| 15:33 | [RAT] Havik_AoE · first_market_sell 100 wood |
| 16:43 | Ze_Legend · wall_segment Stone Wall x18 |
| 16:45 | Ze_Legend · wall_segment Stone Wall x1 |
| 16:45 | 105er.G0ldenFir3 · first_market_buy 100 food |
| 16:53 | M4lt3 · wall_segment Stone Wall x7 |
| 16:55 | M4lt3 · wall_segment Stone Wall x6 |
| 17:04 | Mihail · age_up castle |
| 17:23 | M4lt3 · wall_segment Stone Wall x11 |
| 17:53 | M4lt3 · wall_segment Stone Wall x6 |
| 18:05 | Ze_Legend · wall_segment Palisade Wall x1 |
| 18:05 | Ze_Legend · wall_segment Palisade Wall x1 |
| 18:16 | M4lt3 · wall_segment Stone Wall x6 |
| 18:21 | M4lt3 · wall_segment Stone Wall x2 |
| 18:24 | M4lt3 · wall_segment Stone Wall x2 |
| 18:26 | M4lt3 · wall_segment Stone Wall x2 |
| 18:45 | Ze_Legend · wall_segment Stone Wall x7 |
| 19:34 | [RAT] G0rm · first_market_sell 100 wood |
| 19:37 | Mihail · first_building Siege Workshop |
| 20:00 | Ze_Legend · wall_segment Stone Wall x6 |
| 20:32 | Ze_Legend · first_market_buy 100 food |
| 21:01 | Ze_Legend · first_market_sell 100 wood |
| 21:06 | Ze_Legend · wall_segment Stone Wall x12 |
| 21:21 | Ze_Legend · wall_segment Stone Wall x18 |
| 22:03 | 105er.G0ldenFir3 · first_building Monastery |
| 22:25 | Ze_Legend · wall_segment Stone Wall x5 |
| 22:38 | Ze_Legend · wall_segment Stone Wall x4 |
| 22:52 | Ze_Legend · wall_segment Stone Wall x1 |
| 23:01 | Ze_Legend · wall_segment Stone Wall x1 |
| 23:03 | [RAT] G0rm · age_up castle |
| 23:05 | Ze_Legend · wall_segment Stone Wall x1 |
| 23:09 | Ze_Legend · wall_segment Stone Wall x1 |
| 23:11 | M4lt3 · age_up castle |
| 23:39 | Ze_Legend · age_up castle |
| 24:43 | Ze_Legend · wall_segment Stone Wall x12 |
| 24:53 | Ze_Legend · wall_segment Stone Wall x6 |
| 24:56 | Ze_Legend · wall_segment Stone Wall x2 |
| 25:03 | 105er.G0ldenFir3 · first_market_sell 100 wood |
| 26:17 | Ze_Legend · wall_segment Stone Wall x1 |
| 26:32 | Ze_Legend · wall_segment Stone Wall x11 |
| 26:42 | Ze_Legend · wall_segment Stone Wall x9 |
| 26:48 | 105er.G0ldenFir3 · first_building Barracks |
| 26:52 | Ze_Legend · wall_segment Stone Wall x11 |
| 27:27 | Ze_Legend · wall_segment Stone Wall x6 |
| 27:29 | [RAT] Havik_AoE · first_building Barracks |
| 27:30 | 105er.G0ldenFir3 · first_building Stable |
| 27:37 | M4lt3 · first_building Castle |
| 27:52 | Ze_Legend · wall_segment Stone Wall x12 |
| 27:55 | 105er.G0ldenFir3 · first_building Archery Range |
| 28:06 | 105er.G0ldenFir3 · age_up imperial |
| 28:17 | [RAT] Havik_AoE · first_building Stable |
| 28:28 | 105er.G0ldenFir3 · first_building Castle |
| 28:31 | Ze_Legend · wall_segment Stone Wall x8 |
| 28:36 | Mihail · wall_segment Stone Wall x22 |
| 28:40 | Ze_Legend · wall_segment Stone Wall x4 |
| 29:22 | Ze_Legend · wall_segment Stone Wall x2 |
| 29:26 | Ze_Legend · wall_segment Stone Wall x6 |
| 29:31 | M4lt3 · first_market_buy 100 food |
| 29:32 | Ze_Legend · wall_segment Stone Wall x6 |
| 29:35 | Mihail · wall_segment Stone Wall x11 |
| 30:09 | Ze_Legend · wall_segment Stone Wall x1 |
| 30:17 | Ze_Legend · first_building Siege Workshop |
| 30:19 | M4lt3 · first_building Stable |
| 30:23 | [RAT] Havik_AoE · age_up imperial |
| 30:49 | [RAT] G0rm · first_building Castle |
| 30:56 | Ze_Legend · wall_segment Stone Wall x2 |
| 31:02 | Mihail · wall_segment Stone Wall x6 |
| 31:34 | Mihail · first_building Monastery |
| 32:06 | 105er.G0ldenFir3 · first_building Siege Workshop |
| 32:30 | Ze_Legend · wall_segment Stone Wall x5 |
| 32:49 | M4lt3 · age_up imperial |
| 32:56 | M4lt3 · first_market_sell 100 wood |
| 33:35 | Mihail · first_building Castle |
| 34:15 | [RAT] G0rm · first_market_buy 100 food |
| 34:27 | [RAT] Havik_AoE · first_building Siege Workshop |
| 34:36 | [RAT] G0rm · first_building Monastery |
| 35:20 | Mihail · age_up imperial |
| 35:56 | Ze_Legend · wall_segment Stone Wall x1 |
| 36:07 | Ze_Legend · first_building Castle |
| 37:56 | [RAT] G0rm · age_up imperial |
| 38:03 | M4lt3 · first_building Siege Workshop |
| 38:17 | Ze_Legend · age_up imperial |
| 38:18 | Ze_Legend · first_building Archery Range |
| 39:20 | [RAT] Havik_AoE · wall_segment Stone Wall x36 |
| 42:02 | [RAT] G0rm · first_building Siege Workshop |
| 42:18 | Mihail · wall_segment Stone Wall x6 |
| 43:37 | 105er.G0ldenFir3 · tribute_sent a jugador 1 |
| 43:37 | 105er.G0ldenFir3 · tribute_sent a jugador 3 |
| 43:37 | 105er.G0ldenFir3 · tribute_sent a jugador 4 |
| 43:37 | 105er.G0ldenFir3 · tribute_sent a jugador 5 |
| 43:37 | 105er.G0ldenFir3 · tribute_sent a jugador 6 |
| 43:38 | M4lt3 · tribute_sent a jugador 1 |
| 43:38 | M4lt3 · tribute_sent a jugador 2 |
| 43:38 | M4lt3 · tribute_sent a jugador 3 |
| 43:38 | M4lt3 · tribute_sent a jugador 5 |
| 43:38 | M4lt3 · tribute_sent a jugador 6 |
| 46:30 | Ze_Legend · wall_segment Stone Wall x8 |
| 46:53 | Ze_Legend · wall_segment Stone Wall x6 |
| 46:56 | Ze_Legend · wall_segment Stone Wall x3 |
| 47:03 | [RAT] Havik_AoE · wall_segment Stone Wall x43 |
| 47:04 | [RAT] Havik_AoE · wall_segment Stone Wall x13 |
| 47:10 | Mihail · first_building Stable |
| 47:19 | 105er.G0ldenFir3 · tribute_sent a jugador 1 |
| 47:19 | 105er.G0ldenFir3 · tribute_sent a jugador 3 |
| 47:19 | 105er.G0ldenFir3 · tribute_sent a jugador 4 |
| 47:19 | 105er.G0ldenFir3 · tribute_sent a jugador 5 |
| 47:19 | 105er.G0ldenFir3 · tribute_sent a jugador 6 |
| 51:23 | Mihail · resign |
[ AI ANALYSIS · 1 CREDIT ]
What really happened in this match?
Wolo.gg analyzes every decision: build order, eco, micro, common mistakes by bracket. Personalized analysis on WhatsApp or Discord in 30 seconds.
Civ guide
Japanese
Perfil
Jugador #22362270